 Dungeon Crawl Stone Soup version 0.21.1-1-g345015f (webtiles) character file.

110 goulibeur the Distorting Demonspawn (level 4, -4/35 HPs)
             Began as a Demonspawn Abyssal Knight on July 16, 2018.
             Was a Believer of Lugonu.
             Slain by a phantom (7 damage)
             ... on level 2 of the Dungeon.
             The game lasted 00:04:47 (1657 turns).

goulibeur the Distorting Demonspawn (DsAK)          Turns: 1657, Time: 00:04:48

Health: -4/35      AC:  6    Str: 12    XL:     4   Next: 61%
Magic:  7/7        EV: 11    Int: 14    God:    Lugonu [**....]
Gold:   115        SH:  0    Dex: 13    Spells: 3/3 levels left

rFire    . . .     SeeInvis .   h - +0 mace (crush)
rCold    . . .     Gourm    .   (no shield)
rNeg     . . .     Faith    .   k - +0 scale mail
rPois    .         Spirit   .   (no helmet)
rElec    .         Reflect  .   (no cloak)
rCorr    .         Harm     .   (no gloves)
MR       .....                  (no boots)
Stlth    ..........             (no amulet)
HPRegen  0.11/turn              g - +1 ring of evasion
MPRegen  0.10/turn              (no ring)

@: no status effects
A: spiny 1, sturdy frame 1
a: Depart the Abyss, Bend Space, Renounce Religion


You were on level 2 of the Dungeon.
You worshipped Lugonu.
Lugonu was pleased with you.
You were hungry.

You visited 1 branch of the dungeon, and saw 2 of its levels.
You visited the Abyss 1 time.

You collected 115 gold pieces.

Inventory:

Hand Weapons
 a - a +1 short sword
 h - a +0 mace of crushing (weapon)
Armour
 b - a +0 leather armour
 k - a +0 scale mail (worn)
Jewellery
 g - a +1 ring of evasion (left hand)
Scrolls
 d - 5 scrolls of identify {unknown}
 e - a scroll of teleportation {unknown}
 i - a scroll of remove curse {unknown}
Potions
 j - a potion of resistance {unknown}
 l - 2 potions of invisibility {unknown}
 m - 2 potions of haste {unknown}
Comestibles
 c - 2 rations
 f - 5 chunks of flesh


   Skills:
 + Level 3.5 Fighting
 - Level 1.7 Short Blades
 + Level 2.5 Armour
 + Level 1.9 Dodging
 * Level 4.5 Invocations


You had 3 spell levels left.
You didn't know any spells.

Dungeon Overview and Level Annotations

Branches:
Dungeon (2/15)

Altars:


Innate Abilities, Weirdness & Mutations

You are partially covered in sharp spines.
Your movements are slightly less encumbered by armour. (ER -2)


Message History

You hit the phantom.
The phantom is almost destroyed.
The phantom completely misses you. The phantom hits you.
* * * LOW HITPOINT WARNING * * *
You barely miss the phantom.
The phantom is almost destroyed.
The phantom hits you.
* * * LOW HITPOINT WARNING * * *
You closely miss the phantom.
The phantom is almost destroyed.
The phantom blinks!
The phantom blinks!
You see here a leopard gecko corpse.
You butcher the leopard gecko corpse.
You see here a chunk of flesh.
f - 5 chunks of flesh (gained 1)
You closely miss the phantom.
The phantom is almost destroyed.
The phantom hits you!
You die...

#.#....##.######
#.#.......#
#.###.#####
#.....# #####.#
#.# #.# #.# #@#
#W# #.# #.# ...
.(. #...# ##.##
#.#


You could see a phantom.

Vanquished Creatures
  6 adders (D:2)
  A worm (D:2)
  2 dart slugs (D:1)
  3 leopard geckos
  3 goblins (D:2)
  8 hobgoblins
  3 kobolds (D:1)
  2 ball pythons
  7 bats
  6 frilled lizards
  8 rats
49 creatures vanquished.

Notes
Turn   | Place    | Note
-------+----------+-------------------------------------------
     0 | Abyss:1  | goulibeur the Demonspawn Abyssal Knight began the quest for the Orb.
     0 | Abyss:1  | Reached XP level 1. HP: 18/18 MP: 2/2
    26 | Abyss:1  | Noticed a wretched star
    27 | D:1      | Escaped the Abyss
   144 | D:1      | Reached * piety under Lugonu
   144 | D:1      | Reached skill level 1 in Dodging
   459 | D:1      | Reached skill level 3 in Invocations
   459 | D:1      | Gained mutation: You are partially covered in sharp spines. [demonic ancestry]
   459 | D:1      | Reached XP level 2. HP: 24/24 MP: 2/4
   966 | D:1      | Reached XP level 3. HP: 29/29 MP: 5/5
  1283 | D:2      | Reached skill level 4 in Invocations
  1302 | D:2      | Reached ** piety under Lugonu
  1313 | D:2      | Gained mutation: Your movements are slightly less encumbered by armour. (ER -2) [demonic ancestry]
  1313 | D:2      | Reached XP level 4. HP: 29/35 MP: 7/7
  1583 | D:2      | Noticed a phantom
  1657 | D:2      | Slain by a phantom

Skill      XL: |  1  2  3 |
---------------+----------+-----
Dodging        | 1 |  1.9
Armour         | 2 |  2.5
Invocations    | 3 4 |  4.5
Fighting       | |  3.5
Short Blades   | |  1.7

Action                   |  1- 3 |  4- 6 || total
-------------------------+-------+-------++-------
Melee: Short sword       |    24 |       ||    24
       Mace              |    66 |    43 ||   109
Invok: Depart the Abyss  |     1 |       ||     1
  Eat: Chunk             |     1 |     1 ||     2
Armor: Leather armour    |    13 |       ||    13
       Scale mail        |    21 |    10 ||    31
Dodge: Dodged            |    66 |    20 ||    86
